 Dungeon Sprint DCSS version 0.26-a0-660-gc07710193c (webtiles) character file.

Game seed: 11316841625062495685

11 rocky1 the Skirmisher (level 2, 0/20 HPs)
             Began as a Gargoyle Fighter on Oct 8, 2020.
             Was a Follower of Cheibriados.
             Slain by a bat zombie (1 damage)
             ... in the Dungeon (Sprint VII: "The Pits").
             The game lasted 00:01:05 (192 turns).

rocky1 the Skirmisher (Gargoyle Fighter)             Turns: 192, Time: 00:01:06

Health: 0/20       AC:  9    Str: 21    XL:     2   Next: 29%
Magic:  2/2        EV:  8    Int: 10    God:    Cheibriados [*.....]
Gold:   0          SH:  9    Dex: 11    Spells: 1/1 levels left

rFire    . . .     SeeInvis .   a - +0 flail
rCold    . . .     Faith    .   c - +0 kite shield
rNeg     + . .     Spirit   .   b - +0 scale mail
rPois    ∞         Reflect  .   (no helmet)
rElec    +         Harm     .   (no cloak)
rCorr    .         Rampage  .   (no gloves)
MR       .....     NoTele   +   (no boots)
Stlth    ..........             (no amulet)
HPRegen  0.06/turn              (no ring)
MPRegen  0.08/turn              (no ring)

@: very slow
A: negative energy resistance 1, electricity resistance, unbreathing,
petrification resistance, rot immunity, AC +2
a: Bend Time, Renounce Religion


You were in the Dungeon.
You worshipped Cheibriados.
Cheibriados was aware of your devotion.
You visited 1 branch

Inventory:

Hand Weapons
 a - a +0 flail (weapon)
Armour
 b - a +0 scale mail (worn)
 c - a +0 kite shield (worn)
Scrolls
 j - a scroll of blinking
 l - 3 scrolls of remove curse
 m - 5 scrolls of amnesia
 n - a scroll of summoning
Potions
 d - a potion of might
 e - a potion of curing
 f - a potion of heal wounds
 g - a potion of haste
 h - 4 potions of magic
 i - 3 potions of berserk rage
 k - 2 potions of invisibility


   Skills:
 + Level 4.0 Fighting
 + Level 2.7 Maces & Flails
 + Level 3.9 Armour
 + Level 1.3 Dodging
 + Level 3.9 Shields


You had one spell level left.
You didn't know any spells.
Your spell library was empty.

Dungeon Overview and Level Annotations

Branches:
Dungeon (1/1)

Altars:
Ashenzari
Cheibriados
Dithmenos
Elyvilon
Fedhas
Gozag
Hepliaklqana
Kikubaaqudgha
Makhleb
Nemelex Xobeh
Okawaru
Qazlal
Ru
Sif Muna
Trog
Uskayaw
Vehumet
Wu Jian
Xom
Yredelemnul
Zin
The Shining One
Beogh
Jiyva
Lugonu


Innate Abilities, Weirdness & Mutations

You are resistant to torment.
Your stone body is resilient. (AC +2)
You are immune to poison.
You resist negative energy. (rN+)
You are resistant to electric shocks. (rElec)
You can survive without breathing.
You are immune to petrification.
You are immune to rotting.


Message History

You barely miss something.
The bat zombie hits you but does no damage.
The bat zombie barely misses you. You block the bat zombie's attack.
Something hits you. Something shocks you. You resist.
* * * LOW HITPOINT WARNING * * *
The bat zombie hits you but does no damage.
Unknown command.
You miss something. You block the bat zombie's attack. x2
The bat zombie hits you but does no damage.
Something hits you but does no damage. The bat zombie completely misses you.
Something hits you but does no damage.
You hit something but do no damage. You block the bat zombie's attack.
The bat zombie barely misses you. The bat zombie hits you.
* * * LOW HITPOINT WARNING * * *
Something hits you.
* * * LOW HITPOINT WARNING * * *
Something shocks you. You resist.
* * * LOW HITPOINT WARNING * * *
The bat zombie hits you.
You die...

#.?(.')))'.##......#..#
##########.##..........
#..........†'..........
#+#####†#####......#..#
#..#...'.##..........
#..#...#.#####'#####+
#..#####.##.......#
#..Z...#.##.......#
#..{@.†'.##.......#
#..########...<...# #..
#.......# #.. #.......#
### #.......# #########


You could see a bat zombie.

Vanquished Creatures
  An ufetubus (D)
  A leopard gecko (D)
  A giant cockroach (D)
  A ball python zombie (D)
  A frilled lizard (D)
  A leopard gecko skeleton (D)
  A quokka zombie (D)
7 creatures vanquished.

Notes
Turn   | Place    | Note
-------+----------+-------------------------------------------
     0 | D        | rocky1 the Gargoyle Fighter began the quest for the Orb.
     0 | D        | Reached XP level 1. HP: 14/14 MP: 1/1
    30 | D        | Reached skill level 1 in Dodging
    31 | D        | Reached XP level 2. HP: 19/20 MP: 2/2
    37 | D        | Found a bloodstained altar of Trog.
    37 | D        | Found a shimmering blue altar of Sif Muna.
    37 | D        | Found a viscous altar of Jiyva.
    37 | D        | Found a hazy altar of Hepliaklqana.
    37 | D        | Found an opulent altar of Gozag.
    38 | D        | Found a glowing golden altar of the Shining One.
    38 | D        | Found a glowing silver altar of Zin.
    38 | D        | Found a basalt altar of Yredelemnul.
    38 | D        | Found a shimmering altar of Xom.
    38 | D        | Found an ornate altar of the Wu Jian Council.
    38 | D        | Found a sacrificial altar of Ru.
    38 | D        | Found a stormy altar of Qazlal.
    38 | D        | Found an iron altar of Okawaru.
    38 | D        | Found a sparkling altar of Nemelex Xobeh.
    38 | D        | Found a burning altar of Makhleb.
    38 | D        | Found a blossoming altar of Fedhas.
    38 | D        | Found a white marble altar of Elyvilon.
    38 | D        | Found a shadowy altar of Dithmenos.
    38 | D        | Found a snail-covered altar of Cheibriados.
    41 | D        | Found a corrupted altar of Lugonu.
    41 | D        | Found a radiant altar of Vehumet.
    41 | D        | Found a roughly hewn altar of Beogh.
    42 | D        | Found an ancient bone altar of Kikubaaqudgha.
    42 | D        | Found a hide-covered altar of Uskayaw.
    42 | D        | Found a broken altar of Ashenzari.
    51 | D        | Became a worshipper of Cheibriados the Contemplative
   170 | D        | Reached * piety under Cheibriados
   172 | D        | Reached skill level 4 in Fighting
   176 | D        | Noticed a sky beast
   192 | D        | HP: 1/20 [something (2)]
   192 | D        | Slain by a bat zombie

Illustrated notes

Levels and vault maps discovered:
D:        pitsprint [storerooms_1, entrance_room_1, metal_vault_4, armoury_2,
          mini_pit_1, grid_room_1, main_hall_1, silver_pit, the_coven_1,
          the_vestibule_1, steel_vault_4, golden_pit, hallway_of_sentries,
          crystal_vault_2, iron_vault_2, final_vault]

Skill      XL: |  1  2 |
---------------+-------+-----
Dodging        | 1 |  1.3
Fighting       | 4 |  4.0
Maces & Flails | |  2.7
Armour         | |  3.9
Shields        | |  3.9

Action                   || total
-------------------------++-------
Melee: Flail             ||    35
Armor: Scale mail        ||    35
Dodge: Dodged            ||    24
Block: Kite shield       ||    28

Table legend: (Time is in decaauts)
 A = Elapsed time spent in this place.
 B = Non-inter-level travel time spent in this place.
 C = Inter-level travel time spent in this place.
 D = Time resting spent in this place.
 E = Time spent auto-exploring this place.
 F = Levels seen in this place.
 G = Mean time per level.
                   A        B        C        D        E       F      G
               +--------+--------+--------+--------+--------+-----+--------+
         Total |    221 |    221 |      0 |     49 |      0 |   1 |  221.0 |
       Dungeon |    221 |    221 |      0 |     49 |      0 |   1 |  221.0 |
               +--------+--------+--------+--------+--------+-----+--------+

Top non-repeatable levels by time:
       D: 221 daAuts
